 Dungeon Crawl Stone Soup version 0.31-a0-920-g28cbb04a8c (webtiles) character file.

Game seed: 8123991979280905599

597 Shayle the Ruffian (level 7, -2/53 HPs)
             Began as a Human Shapeshifter on Oct 17, 2023.
             Was an Initiate of Ashenzari.
             Slain by an ogre
             ... wielding a +0 giant club
              (15 damage)
             ... on level 5 of the Dungeon.
             The game lasted 00:09:47 (3768 turns).

Shayle the Ruffian (Human Shapeshifter)             Turns: 3768, Time: 00:09:48

Health: -2/53      AC: 14    Str: 14    XL:     7   Next: 68%
Magic:  7/7        EV: 11    Int: 13    God:    Ashenzari [......]
Gold:   244        SH:  0    Dex: 12    Spells: 6/6 levels left

rFire   . . .        p - +4 falchion (heavy)
rCold   . . .        (no shield)
rNeg    . . .        v - +5 ring mail {Will+}
rPois   .            (helmet currently unavailable)
rElec   .            (cloak currently unavailable)
rCorr   .            (gloves currently unavailable)
SInv    +            (boots currently unavailable)
Will    +....        (no amulet)
Stlth   +            g - +4 ring of protection
HPRegen 0.28/turn    o - ring of see invisible
MPRegen 0.10/turn

%: no passive effects
@: beast-form
A: beast (slay +2)
a: Begin Untransformation, Renounce Religion


You were on level 5 of the Dungeon.
You worshipped Ashenzari.
Ashenzari was noncommittal.
You were a hulking beast.
You visited 2 branches of the dungeon, and saw 6 of its levels.

You collected 389 gold pieces.
You spent 145 gold pieces at shops.

Inventory:

Hand Weapons
 p - a +4 heavy falchion (weapon)
 w - a +1 mace of venom
 z - a +0 lajatang
Armour
 a - a +0 animal skin
 j - a +0 leather armour
 n - a +1 pair of boots
 v - a +5 ring mail of willpower (worn)
Jewellery
 g - a +4 ring of protection (left hand)
 o - a ring of see invisible (right hand)
 y - an amulet of regeneration
 A - a ring of ice
Talismans
 c - a beast talisman (active)
 d - a flux talisman
Wands
 u - a wand of flame (7)
 E - a wand of polymorph (7)
Scrolls
 h - 2 scrolls of silence
 m - a scroll of enchant weapon {unknown}
 q - 2 scrolls of teleportation
 r - 2 scrolls of amnesia {unknown}
 s - a scroll of fog {unknown}
 C - a scroll of vulnerability {unknown}
Potions
 b - a potion of lignification
 i - a potion of enlightenment
 l - a potion of heal wounds
 t - a potion of resistance {unknown}
 x - 2 potions of magic
 B - a potion of cancellation {unknown}
 D - a potion of curing {unknown}


   Skills:
 + Level 3.8 Fighting
 + Level 4.2 Dodging
 + Level 4.8 Unarmed Combat
 + Level 4.6 Shapeshifting


You had 6 spell levels left.
You didn't know any spells.
Your spell library contained the following spells:

 Spells                   Type           Power      Damage    Failure   Level
 Tukima's Dance           Hex            0%         N/A       88%         3
 Dimensional Bullseye     Hex/Tloc       0%         N/A       99%         4
 Iskenderun's Mystic Bla  Conj/Tloc      0%         2d3       99%         4
 Iskenderun's Battlesphe  Conj           0%         2d6       100%        5
 Bombard                  Conj/Erth      0%         9d1       100%        6
 Spellforged Servitor     Conj/Summ      0%         N/A       100%        7


Dungeon Overview and Level Annotations

Branches:
Dungeon (5/15)             Temple (1/1) D:5

Altars:
Ashenzari
Dithmenos
Elyvilon
Gozag
Hepliaklqana
Kikubaaqudgha
Makhleb
Nemelex Xobeh
Okawaru
Qazlal
Ru
Sif Muna
Trog
Uskayaw
Vehumet
Wu Jian
Xom
Yredelemnul
Zin
The Shining One

Shops:
D:1 =[(*


Message History

The orc shouts! x2; The orc priest shouts!
The orc shouts!
The orc attacks as it pursues you! The orc closely misses you.
There is an open door here.
The orc attacks as it pursues you! The orc barely misses you.
The orc closely misses you. The orc attacks as it pursues you!
The orc barely misses you. The orc attacks as it pursues you!
The orc closely misses you. x2
There is a stone staircase leading up here.
You slash the orc!
You kill the orc!
You slash the orc!
You kill the orc!
The orc closely misses you.
You barely miss the orc. Your punch misses the orc.
The orc hits you but does no damage. x2
You slash the orc!
You kill the orc!
The orc priest calls down the wrath of Beogh upon you.
Beogh smites you!
You slash the orc priest!
You kill the orc priest!
The orc hits you with a +0 hand axe.
You slash the orc!
You kill the orc!
Items here: )))) [ ††.
There is a stone staircase leading up here.
An ogre comes into view. It is wielding a +0 giant club.
Found 19 gold pieces.
You hit the ogre.
The ogre is moderately wounded.
The ogre hits you with a +0 giant club!!
You hit the ogre.
The ogre is moderately wounded.
The ogre hits you with a +0 giant club!!
* * * LOW HITPOINT WARNING * * *
The ogre barely misses you.
You hit the ogre.
The ogre is moderately wounded.
The ogre hits you with a +0 giant club!
You die...

. .. ### ##..$
#.. ......
#.##......
#..O..# #.h#
#..##.##
#####......#
#.....##...#
########.###.#
...#
#............#
###
#.######.##..#
#.##..#
#.....#


You could see an ogre.

Vanquished Creatures
  An ogre (D:4)
  A phantom (D:4)
  A scorpion (D:5)
  2 jellies (D:4)
  An orc priest (D:5)
  2 iguanas (D:4)
  Ijyb (D:3)
  Natasha (thrice) (D:3)
  2 adders
  A shadow imp (D:5)
  A worm (D:4)
  2 dart slugs
  16 orcs
  6 endoplasms
  2 giant cockroaches
  10 goblins
  6 hobgoblins
  4 jackals (D:2)
  3 quokkas
  5 ball pythons
  7 bats
  4 frilled lizards
  6 kobolds
  7 rats
94 creatures vanquished.

Notes
Turn   | Place    | Note
-------+----------+-------------------------------------------
     0 | D:1      | Shayle the Human Shapeshifter began the quest for the Orb.
     0 | D:1      | Reached XP level 1. HP: 15/15 MP: 1/1
    85 | D:1      | Reached XP level 2. HP: 21/21 MP: 2/2
   307 | D:1      | Found Least's Jewellery Boutique.
   322 | D:1      | Found Otu Veng's Armour Boutique.
   407 | D:1      | Found Plog's General Store.
   433 | D:1      | Bought a +0 leather armour for 20 gold pieces
   433 | D:1      | Bought a scroll of enchant armour for 75 gold pieces
   433 | D:1      | Bought a potion of heal wounds for 50 gold pieces
   444 | D:1      | Found Zemel's Weapon Emporium.
   514 | D:1      | Reached XP level 3. HP: 26/26 MP: 3/3
   823 | D:2      | Found a faded altar of an unknown god.
  1139 | D:2      | Reached XP level 4. HP: 33/33 MP: 4/4
  1482 | D:3      | Noticed Ijyb
  1496 | D:3      | Killed Ijyb
  1696 | D:3      | Reached XP level 5. HP: 37/38 MP: 5/5
  1910 | D:3      | Noticed Natasha
  1913 | D:3      | Killed Natasha
  2012 | D:3      | Noticed Natasha
  2126 | D:4      | Noticed an ogre
  2126 | D:4      | Noticed a phantom
  2618 | D:4      | Killed a phantom
  2619 | D:4      | Reached XP level 6. HP: 46/46 MP: 6/6
  3091 | D:4      | Killed an ogre
  3092 | D:4      | Reached XP level 7. HP: 47/52 MP: 7/7
  3229 | D:3      | Killed Natasha
  3229 | D:3      | Noticed Natasha
  3248 | D:3      | Killed Natasha
  3436 | D:5      | Identified the "Guryubb"
  3436 | D:5      | Entered Level 5 of the Dungeon
  3436 | D:5      | Found a staircase to the Ecumenical Temple.
  3443 | Temple   | Entered the Ecumenical Temple
  3454 | Temple   | Became a worshipper of Ashenzari the Shackled
  3588 | D:5      | Found a hide-covered altar of Uskayaw.
  3609 | D:5      | Found a hazy altar of Hepliaklqana.
  3768 | D:5      | Slain by an ogre

Illustrated notes

Levels and vault maps discovered:
D:1:      lemuel_arrival_rhombus, layout_rooms, serial_shops, shop, shop,
          shop_coins, nicolae_shop_competitors_out_of_business
D:2:      layout_loops_ring, ebering_ecumenical_altar_ruins,
          serial_bayou_crossing
D:3:      layout_loops_corners, uniq_natasha, uniq_ijyb
D:4:      layout_basic, minmay_crystal_water, grunt_ministairs_13
D:5:      minmay_octagon_keep, layout_loops_cross, lemuel_doored_altar,
          mainiacjoe_overflow_big_doors, minmay_temple_entry_grid,
          chequers_serial_rivers_small_3, minmay_joined_circles
Temple:   mainiacjoe_temple_coin_purse

Skill      XL: |  1  2  3  4  5  6 |
---------------+-------------------+-----
Fighting       | 2 3 |  3.8
Dodging        | 3 4 |  4.2
Unarmed Combat | 4 |  4.8
Shapeshifting  | 4 |  4.6

Action                     |  1- 3 |  4- 6 |  7- 9 || total
---------------------------+-------+-------+-------++-------
  Melee: Unarmed           |    97 |       |    12 ||   109
         Punch             |     1 |     3 |       ||     4
         Falchion          |     4 |   124 |    21 ||   149
  Evoke: Wand              |       |     1 |       ||     1
    Use: Scroll            |       |     2 |     4 ||     6
   Stab: Sleeping          |     1 |       |       ||     1
 Armour: Animal skin       |    20 |       |       ||    20
         Leather armour    |    31 |    38 |       ||    69
         Ring mail         |       |    78 |    16 ||    94
         Skin              |       |       |     7 ||     7
  Dodge: Dodged            |    51 |    73 |    21 ||   145

Table legend: (Time is in decaauts)
 A = Elapsed time spent in this place.
 B = Non-inter-level travel time spent in this place.
 C = Inter-level travel time spent in this place.
 D = Time resting spent in this place.
 E = Time spent auto-exploring this place.
 F = Levels seen in this place.
 G = Mean time per level.
                   A        B        C        D        E       F      G
               +--------+--------+--------+--------+--------+-----+--------+
         Total |   3909 |   3865 |     44 |    213 |   2553 |   6 |  651.5 |
       Dungeon |   3886 |   3843 |     43 |    213 |   2553 |   5 |  777.2 |
        Temple |     22 |     21 |      1 |      0 |      0 |   1 |   22.0 |
               +--------+--------+--------+--------+--------+-----+--------+

Top non-repeatable levels by time:
     D:3: 1142 daAuts
     D:4: 1047 daAuts
     D:2: 735 daAuts
     D:1: 636 daAuts
     D:5: 324 daAuts
  Temple: 22 daAuts
